[Event "Austrian Championship 2022"]
[Site "Vienna"]
[Date "2022.08.16"]
[Round "6.8"]
[White "Sadilek, Maximilian"]
[Black "Balinov, Ilia"]
[Result "1-0"]
[ECO "B43"]
[WhiteElo "2230"]
[BlackElo "2419"]
[Annotator "TA"]
[PlyCount "57"]
[EventDate "2022.08.12"]
[EventType "swiss"]
[EventCountry "AUT"]
[SourceTitle "playchess.com"]
[Source "ChessBase"]
[SourceQuality "1"]
[TimeControl "40/5400+30:1800+30"]

1. e4 c5 2. Nf3 e6 3. Nc3 a6 4. g3 b5 5. Bg2 b4 6. Na4 Bb7 7. d4 cxd4 8. Nxd4 Nf6 9. O-O (9. Qe2 {is superior.}) 9... Qc7 {[%emt 0:09:53] B43: Sicilian: Kan Variation: 5 Nc3.} (9... Bxe4 $11 10. Bxe4 Nxe4) 10. Re1 $16 d6 11. c3 bxc3 {[%emt 0:01:58] White is clearly better.} 12. Nxc3 {[%emt 0:00:48][%cal Oc3d5] aiming for Nd5!} Be7 13. Bg5 (13. Bf4 $142) 13... Nbd7 14. Rc1 Qb8 {[%emt 0:01:28] [#]} 15. Qd2 $146 (15. Bh3 $14) ({Predecessor:} 15. Nb3 Bd8 16. Na4 O-O 17. Bd2 a5 18. Nd4 Ne5 19. Re3 Ba6 20. Rb3 Qa7 21. Be1 {0-1 (36) Paszewski,M (2323)-Dragun,K (2621) Warsaw 2017}) 15... O-O $11 16. f4 Re8 17. e5 dxe5 18. fxe5 (18. Bxb7 $2 exd4 19. Bxf6 (19. Bxa8 $2 dxc3 20. Rxc3 Qxa8 $19) 19... Nxf6 20. Bxa8 dxc3 21. Rxc3 Qxa8 $19) 18... Bxg2 (18... Nd5 $1 $11) 19. exf6 $16 gxf6 {[%emt 0:00:05] White must now prevent ...Bh3.} 20. Bf4 (20. Qxg2 $6 fxg5 21. Nc6 Qb6+ 22. Kh1 Bb4 $11) 20... e5 21. Qxg2 (21. Kxg2 $16 exf4 22. Nf5 (22. gxf4 Qb7+ 23. Kh3 Nc5 $11) (22. Qxf4 Qxf4 23. gxf4 Nb6 $16)) 21... Qa7 $2 {[%emt 0:00:01][%mdl 8192] [#]} (21... Bc5 $1 $11 {and Black has nothing to worry.}) 22. Kh1 $1 exd4 23. Nd5 $36 {[%emt 0:00:22][%mdl 2048] White is really pushing.} Bf8 24. Qh3 {[%emt 0:01:07] 0x0.0024e1f7cfb6dp-1022s more active pieces.} (24. Qf3 $16 {And now Rxe8 would win.} Rxe1+ 25. Rxe1) 24... Qb7 $2 {[%emt 0:00:31][%mdl 8192] [#] Black cannot hold the game after this.} (24... Rxe1+ $11 25. Rxe1 Kh8) 25. Qxd7 $3 $18 {[%emt 0:00:26][%mdl 512] White is clearly winning.} Rxe1+ (25... Qxd7 26. Nxf6+) 26. Rxe1 Qxd7 27. Nxf6+ Kg7 28. Nxd7 Rd8 29. Be5+ {[%emt 0:00:35] Weighted Error Value: White=0.41/Black=0.67} 1-0

[Event "Austrian Championship 2022"]
[Site "Vienna"]
[Date "2022.08.16"]
[Round "6.8"]
[White "Weichhart, Daniel"]
[Black "Mayrhuber, Tobias"]
[Result "0-1"]
[ECO "E06"]
[WhiteElo "1965"]
[BlackElo "2010"]
[Annotator "NA RC"]
[PlyCount "44"]
[EventDate "2022.08.12"]
[EventType "swiss"]
[EventCountry "AUT"]
[SourceTitle "playchess.com"]
[Source "ChessBase"]
[SourceQuality "1"]
[TimeControl "40/5400+30:1800+30"]

1. Nf3 d5 2. g3 Nf6 3. Bg2 e6 4. O-O Be7 5. d4 O-O 6. c4 c6 7. Nbd2 b6 8. Qc2 Bb7 9. e4 Na6 10. a3 c5 11. e5 Nd7 12. Rd1 cxd4 13. cxd5 Bxd5 14. Ne4 Rc8 15. Qb1 Nac5 16. Nxd4 Nxe5 17. Nxc5 Bxg2 18. Ncxe6 fxe6 19. Kxg2 Qd5+ 20. Kh3 Rf5 21. f3 Rxf3 22. Bf4 Rf2 0-1

[Event "Austrian Championship 2022"]
[Site "Vienna"]
[Date "2022.08.16"]
[Round "6.9"]
[White "Schreiner, Peter"]
[Black "Schnepp, Gunnar"]
[Result "1-0"]
[ECO "E16"]
[WhiteElo "2416"]
[BlackElo "2265"]
[Annotator "TA"]
[PlyCount "81"]
[EventDate "2022.08.12"]
[EventType "swiss"]
[EventCountry "AUT"]
[SourceTitle "playchess.com"]
[Source "ChessBase"]
[SourceQuality "1"]
[TimeControl "40/5400+30:1800+30"]

1. Nf3 Nf6 2. c4 e6 3. g3 b6 4. Bg2 Bb7 5. d4 Bb4+ 6. Bd2 Qe7 7. O-O O-O 8. Bf4 {[%emt 0:10:51] was the old line (8.Nc3).} Bd6 {[%emt 0:08:58] Prevents c5. 8...Bd6 is better than 8...d5. E16: Queen's Indian: 4 g3 Bb7 5 Bg2 Bb4+.} 9. Bg5 c5 {[%emt 0:21:11] [#]} 10. d5 $146 ({Predecessor:} 10. Nc3 h6 11. Bxf6 Qxf6 12. e4 cxd4 13. Nb5 e5 14. Nxe5 Qxe5 15. f4 Qc5 16. b4 Qxb4 {0-1 (28) Mariani,D (2057)-Da Cruz,K Florianopolis 2010}) 10... b5 (10... exd5 $16 11. cxd5 h6 12. Bxf6 Qxf6) 11. dxe6 (11. cxb5 $6 exd5 12. Nh4 Be5 $16) 11... fxe6 (11... dxe6 $16 12. Bxf6 (12. cxb5 Nbd7 $14) 12... gxf6) 12. cxb5 (12. Nc3 $18 Nc6 13. cxb5 (13. Nxb5 Bb8 $16)) 12... Bc7 $16 13. Qc2 d5 14. e4 {[%emt 0:02:21] Hoping for e5.} h6 15. Bxf6 Qxf6 16. exd5 ({Don't play} 16. Qxc5 Bb6 17. Qc2 dxe4 $16) 16... Bxd5 17. Nfd2 Bxg2 (17... Nd7 18. Nc3 Bxg2 19. Kxg2 $16) 18. Kxg2 a6 19. Nc3 Be5 20. Qe4 (20. b6 $18) 20... Nd7 21. bxa6 Bxc3 22. bxc3 Rxa6 23. Qd3 Ra7 (23... Ra3 $142) 24. f4 (24. a4 $16) 24... Nb6 25. Ne4 Qf5 26. Qe2 Ra4 27. Nf2 (27. Rfe1 $14) 27... Nd5 $11 28. Rae1 Nxc3 29. Qxe6+ Qxe6 30. Rxe6 Rxa2 31. Kh3 Rf5 32. Kg4 Rd5 33. h3 h5+ 34. Kh4 $1 Kf7 35. Re3 {[%emt 0:00:30] [#]} (35. Rc6 $11 {keeps the balance.}) 35... Rc2 $2 (35... Rxf2 $1 $17 36. Rxf2 Nd1) 36. Nd3 $16 g6 $2 {[%emt 0:00:29][%mdl 8192] [#]} ({Black should play} 36... Kf6 $1 $14) 37. Rfe1 $1 $18 {[%emt 0:00:59] Intending Re7+ and mate.} Kg7 $2 (37... Rd6 $18 38. Kg5 (38. Nxc5 Nd5 $18) (38. Re7+ Kf6 $16) 38... Nd5) 38. Re7+ {[%emt 0:00:20] White mates.} Kh6 39. Ne5 Nb5 40. Nf7+ Kg7 41. Ng5+ {[%emt 0:01:35] Weighted Error Value: White=0.16 (very precise) /Black=0.50} 1-0

[Event "Austrian Championship 2022"]
[Site "Vienna"]
[Date "2022.08.16"]
[Round "6.10"]
[White "Kilgus, Georg"]
[Black "Exler, Veronika"]
[Result "1-0"]
[ECO "B13"]
[WhiteElo "2386"]
[BlackElo "2132"]
[Annotator "TA"]
[PlyCount "57"]
[EventDate "2022.08.12"]
[EventType "swiss"]
[EventCountry "AUT"]
[SourceTitle "playchess.com"]
[Source "ChessBase"]
[SourceQuality "1"]
[TimeControl "40/5400+30:1800+30"]

1. e4 c6 2. d4 d5 3. exd5 cxd5 4. Bd3 Nc6 5. c3 Qc7 6. h3 Nf6 7. Nf3 g6 8. Qc2 {[%emt 0:00:05] is the new trend. B13: Caro-Kann: Exchange Variation and Panov-Botvinnik Attack.} Bg7 9. O-O O-O 10. Re1 {[%emt 0:00:11] White is slightly better.} Nh5 11. Be3 Bd7 12. Na3 a6 13. Qd2 {[%emt 0:00:08] [#]} b5 $146 ({Predecessor:} 13... Rfe8 14. g4 Nf6 15. Bf4 Qb6 16. Ne5 Rad8 17. f3 Bc8 18. Qh2 Be6 19. Re2 Rc8 {½-½ (31) Ganguly,S (2658)-Ponomariov,R (2675) Linares 2019}) 14. Rac1 Rfc8 15. Bh6 Bh8 (15... Qd6 $14 {might be stronger.}) 16. Nc2 $16 e6 17. Ne3 Qb6 (17... f5 $14) 18. Ne5 ({White should try} 18. Ng4 $16) 18... Be8 ({Much less strong is} 18... Nxe5 19. dxe5 Bc6 20. Nc2 $16) (18... Bxe5 $11 {keeps the balance.} 19. dxe5 Nxe5) 19. N3g4 Nf6 (19... Qb7 $16 {was called for.}) 20. Nxf6+ Bxf6 21. Ng4 $40 {[%emt 0:00:09][%mdl 128] White has strong attack. White is much more active.} Bh8 {[%emt 0:01:27] This move loses the game for Black.} (21... Be7 $16 22. h4 f5) 22. Qf4 $18 {[%emt 0:00:49] Intending Nf6+ and mate. White is clearly winning.} Qd8 {[%emt 0:08:41] [#] Inhibits Nf6+.} 23. Rxe6 $3 f5 (23... Nxd4 24. Rd6) 24. Bg5 Qd7 25. Nf6+ (25. Nh6+ $142 Kf8 {[#]} 26. Bxf5 $1 gxf5 27. Qxf5+ Bf7 28. Be7+ $1 Qxe7 29. Rxe7 Kxe7 30. Qxf7+ Kd8 31. Re1) 25... Bxf6 26. Rxf6 Bf7 27. Rd6 Qc7 28. Re1 Qb7 29. Bf6 {[%emt 0:00:21] Weighted Error Value: White=0.52/Black=0.70} 1-0

[Event "Austrian Championship 2022"]
[Site "Vienna"]
[Date "2022.08.16"]
[Round "6.11"]
[White "Marakovits, Nico"]
[Black "Steindl, Johannes"]
[Result "0-1"]
[ECO "E94"]
[WhiteElo "2259"]
[BlackElo "2312"]
[Annotator "TA"]
[PlyCount "106"]
[EventDate "2022.08.12"]
[EventType "swiss"]
[EventCountry "AUT"]
[SourceTitle "playchess.com"]
[Source "ChessBase"]
[SourceQuality "1"]
[TimeControl "40/5400+30:1800+30"]

1. c4 Nf6 2. Nc3 g6 3. e4 d6 4. d4 Bg7 5. Nf3 O-O 6. Be2 Nbd7 7. O-O e5 8. d5 Nc5 9. Qc2 a5 10. Ne1 Bd7 11. b3 {[%emt 0:04:18] E94: King's Indian: Classical: 6 Be2 e5 7 0-0: Various Black 7th moves.} c6 12. Be3 {[%emt 0:06:00] [#]} (12. Ba3 $11) 12... Ncxe4 $1 $17 13. Nxe4 {[%emt 0:25:34] Black is better.} Nxe4 {[%emt 0:00:05] [#]} 14. Rd1 $146 (14. Qxe4 $2 Bf5 15. Qf3 e4 $19) ({Predecessor:} 14. Qxe4 Bf5 15. Qf3 e4 16. Qg3 Bxa1 17. Bf4 Be5 18. Bxe5 dxe5 19. Qxe5 Re8 20. Qd4 {0-1 (36) Vonthron,H (2329)-Nijboer,F (2553) Salou 2005}) 14... f5 15. f3 $1 {[%emt 0:04:28] Black must now prevent dxc6.} Nf6 {[%emt 0:02:39] aiming for ...cxd5.} 16. dxc6 Bxc6 17. Bc5 Ne8 18. Qd2 Rf7 19. Nc2 Rd7 20. Bf2 Nf6 21. Ne3 Qb8 22. Nd5 Bxd5 23. cxd5 Re7 24. Be3 Nd7 25. Rc1 Qd8 26. Bb5 {[%emt 0:01:01] [#]} ({White should try} 26. Rc4 $15) 26... e4 (26... Bh6 $1 $17 {And now ...Bxe3+ would win.} 27. Bxh6 Qb6+ 28. Be3 Qxb5) 27. f4 Nc5 (27... Rf7 $15 {keeps the upper hand.}) 28. Rxc5 $16 (28. Bxc5 $2 dxc5 29. Kh1 Bd4 $19) 28... dxc5 29. d6 Rf7 {[%emt 0:03:41] Threatens to win with ...Qb6.} 30. Bc4 {[%emt 0:02:55] This bishop pair is nice.} b6 $2 31. Bxf7+ $18 Kxf7 32. Qd5+ Kf8 33. d7 Bf6 34. Rd1 Kg7 35. g4 $1 fxg4 36. Qxe4 $2 (36. f5 $1 $18 ) 36... Qf8 (36... Rb8 $1 $11) 37. f5 $14 Rd8 $1 {[%emt 0:03:58] [#]} 38. fxg6 ({Of course not} 38. Qxg4 $6 Qe7 39. Rd3 Rxd7 40. fxg6 Rxd3 $11) (38. Qe6 $1 $16) 38... hxg6 $11 39. Rd5 Qf7 40. Rd6 (40. Qd3 $11 {and White is okay.}) 40... Rxd7 $19 41. Qe6 (41. Rxb6 Re7 42. Qf4 {[#]} Rxe3 $1 43. Rxf6 (43. Qxe3 $2 {is the wrong capture.} Bd4 $19) 43... Re1+ 44. Kf2 Qxf6 $19) (41. Rxd7 Qxd7 42. Bf2) 41... Rxd6 42. Qxd6 Qe7 43. Qxe7+ Bxe7 {[%emt 0:00:04][%mdl 4096] Endgame KB-KB} 44. Bf4 b5 45. Kf2 Kf6 46. Ke3 Kf5 {[%emt 0:01:33] Strongly threatening ...Bg5.} 47. Bg3 Bg5+ 48. Kd3 Bf4 {[%emt 0:00:05] ( -> ...Bxg3)} 49. a4 Bxg3 {[%emt 0:00:38] Black mates.} 50. hxg3 c4+ 51. bxc4 b4 52. c5 Ke6 53. Kc4 Kd7 {[%emt 0:00:04] Weighted Error Value: White=0.73/Black=0.24 (precise)} 0-1

[Event "Austrian Championship 2022"]
[Site "Vienna"]
[Date "2022.08.16"]
[Round "6.12"]
[White "Kristoferitsch, Daniel"]
[Black "Kienboeck, Benjamin"]
[Result "1-0"]
[ECO "A22"]
[WhiteElo "2312"]
[BlackElo "2151"]
[Annotator "TA"]
[PlyCount "103"]
[EventDate "2022.08.12"]
[EventType "swiss"]
[EventCountry "AUT"]
[SourceTitle "playchess.com"]
[Source "ChessBase"]
[SourceQuality "1"]
[TimeControl "40/5400+30:1800+30"]

1. c4 Nf6 2. Nc3 e5 3. g3 Bb4 4. Bg2 O-O 5. e4 Bxc3 6. bxc3 Re8 {[%emt 0:00:32] A22: English Opening: 1...e5 2 Nc3 Nf6.} 7. Ne2 d6 8. O-O Nbd7 {[%emt 0:01:38] The position is equal.} 9. d3 a6 {[%emt 0:04:20] [#]} 10. Qc2 $146 ({Predecessor:} 10. h3 b5 11. cxb5 axb5 12. Be3 Bb7 13. a4 bxa4 14. Rxa4 Bc6 15. Ra1 Qe7 16. c4 {½-½ (22) Fechner,F-Hammel,R (2062) Mecklenburg VP 2016}) 10... b5 11. cxb5 $1 Bb7 (11... axb5 $11 12. Be3 Ra3) 12. c4 $16 axb5 13. cxb5 c6 14. bxc6 Rc8 15. Be3 Rxc6 16. Qd2 (16. Nc3 $1 $16) 16... Qa8 (16... Ng4 $14) 17. h3 Rec8 18. Rfc1 {[%emt 0:00:23] Prevents Rc2.} Rxc1+ 19. Rxc1 Rxc1+ 20. Nxc1 d5 21. exd5 Bxd5 22. Bxd5 Nxd5 23. Qe2 Qc6 24. Qf3 ({Better is} 24. Bd2 $14) 24... N7f6 $1 $11 25. Qd1 h6 (25... Nxe3 $11 26. fxe3 h5) 26. Bd2 $1 $16 Nc7 27. Qb3 Nb5 28. Qc4 Qf3 29. Qxb5 Qd1+ 30. Kg2 Qxd2 {[%emt 0:00:06][%mdl 4096] Endgame KQN-KQN} 31. Qc4 Qa5 32. a4 Qa8+ 33. Kg1 e4 {[%emt 0:00:25][%cal Oe4e3] [#]} 34. dxe4 (34. Qd4 $1 $16) 34... Nxe4 $11 35. Nb3 {[%emt 0:00:28] h4 is the strong threat.} Ng5 36. h4 Nf3+ 37. Kf1 Qb8 (37... Ne5 $11 38. Qf4 Qa6+ 39. Kg1 Qd6) 38. a5 $14 Qa8 {[%emt 0:05:43] Against Qd5} 39. a6 Ne5 40. Qb5 Qh1+ 41. Ke2 Qe4+ {[%emt 0:12:35] [#]} (41... Qf3+ $14 42. Ke1 Nd3+ 43. Kd2 Nxf2) 42. Kd2 $1 $18 {[%emt 0:00:00] aiming for a7.} Nf3+ 43. Kc3 {[%emt 0:00:00] Black must now prevent a7.} Qe1+ 44. Kb2 {[%emt 0:00:00] Threatens to win with Ka3.} Qxf2+ 45. Ka3 {[%emt 0:00:00] Hoping for Qb8+.} Kh7 $2 (45... Ne1 46. Qb8+ Kh7) 46. Qf5+ Kg8 47. Qc8+ (47. Qc5 $142 Qxg3 48. a7) 47... Kh7 48. Qf5+ (48. Qc5 $142 Qxc5+ 49. Nxc5) 48... Kg8 49. Qc5 {[%emt 0:00:00] Inhibits Qb6. White is clearly winning.} Qe2 50. a7 Qa6+ 51. Qa5 Qd6+ 52. Ka2 {[%emt 0:00:00] Weighted Error Value: White=0.43/Black=0.28 (precise)} 1-0

[Event "Austrian Championship 2022"]
[Site "Vienna"]
[Date "2022.08.16"]
[Round "6.13"]
[White "Bauer, Thomas"]
[Black "Borrmann, Laurenz"]
[Result "1-0"]
[ECO "B11"]
[WhiteElo "2228"]
[BlackElo "2274"]
[Annotator "NA"]
[PlyCount "71"]
[EventDate "2022.08.12"]
[EventType "swiss"]
[EventCountry "AUT"]
[SourceTitle "playchess.com"]
[Source "ChessBase"]
[SourceQuality "1"]
[TimeControl "40/5400+30:1800+30"]

1. e4 c6 2. Nc3 d5 3. Nf3 dxe4 4. Nxe4 Nf6 5. Nxf6+ exf6 6. Bc4 Bd6 7. Qe2+ Be7 8. O-O O-O 9. Re1 Bd6 10. h3 Na6 11. Bxa6 bxa6 12. d3 Bf5 13. Be3 Re8 14. Qd2 Qc7 15. Qc3 c5 $11 16. Qc4 Qb6 17. b3 Be6 18. Qh4 Bd5 19. Qg4 Qb4 20. c4 Bc6 21. Rad1 Rad8 22. Re2 Bd7 23. Qh5 Qc3 24. d4 Bc6 25. d5 Bd7 26. Ree1 Re4 27. Bd2 Rxe1+ 28. Rxe1 Qc2 29. Ba5 Rb8 30. Nd2 Qxa2 31. Bc3 Re8 32. Rxe8+ Bxe8 33. Qf5 Qa3 34. Qc2 Bd7 35. Nb1 Bf5 36. Nxa3 1-0

[Event "Austrian Championship 2022"]
[Site "Vienna"]
[Date "2022.08.16"]
[Round "6.14"]
[White "Trkulja, Zoran"]
[Black "Sadilek, Peter"]
[Result "0-1"]
[ECO "B07"]
[WhiteElo "2111"]
[BlackElo "2330"]
[Annotator "RC"]
[PlyCount "53"]
[EventDate "2022.08.12"]
[EventType "swiss"]
[EventCountry "AUT"]
[SourceTitle "playchess.com"]
[Source "ChessBase"]
[SourceQuality "1"]
[TimeControl "40/5400+30:1800+30"]

1. e4 g6 2. d4 Bg7 3. Nc3 d6 4. h4 Nf6 5. f3 c6 6. Be3 b5 7. Qd2 Nbd7 8. a3 h5 9. Nh3 O-O 10. Ng5 a5 11. Bd3 Bb7 12. Ne2 e5 13. c3 d5 14. exd5 Nxd5 15. Bf2 exd4 16. cxd4 Bh6 17. f4 N7f6 18. O-O Ng4 19. Nc3 Ndf6 20. Bc2 Nxf2 21. Rxf2 Ng4 22. Re2 Bg7 23. Rd1 Qb6 24. Nf3 Rad8 25. Ne5 c5 26. Ne4 Rxd4 27. Qe1 0-1

[Event "Austrian Championship 2022"]
[Site "Vienna"]
[Date "2022.08.16"]
[Round "6.15"]
[White "Neumeier, Klaus"]
[Black "Mayrhuber, Nikola"]
[Result "1-0"]
[ECO "A13"]
[WhiteElo "2257"]
[BlackElo "2141"]
[Annotator "NA RC"]
[PlyCount "119"]
[EventDate "2022.08.12"]
[EventType "swiss"]
[EventCountry "AUT"]
[SourceTitle "playchess.com"]
[Source "ChessBase"]
[SourceQuality "1"]
[TimeControl "40/5400+30:1800+30"]

1. c4 e6 2. g3 d5 3. Bg2 d4 4. Nf3 Nf6 5. O-O c5 6. e3 Nc6 7. exd4 cxd4 8. d3 Be7 9. Na3 O-O 10. Re1 Bd6 11. Nc2 a5 12. a3 e5 13. Bd2 a4 14. Bb4 $15 (14. Nb4 $1 $14) 14... Re8 15. Bxd6 Qxd6 16. Qd2 Nd7 17. Ng5 h6 18. Ne4 Qf8 19. g4 Nc5 20. Nxc5 Qxc5 21. h3 Na5 22. Qb4 Nb3 23. Rad1 Qc7 24. Qb5 Re6 25. Qd5 Ra5 26. Qf3 b5 27. c5 Nxc5 28. Nb4 Bb7 29. Qg3 Bxg2 30. Qxg2 Ra7 31. Rc1 Qd6 32. Re2 Rc7 33. Qd5 Qe7 34. Qa8+ Qe8 35. Qxe8+ Rxe8 36. Rec2 Nxd3 37. Rxc7 Nxc1 38. Rxc1 e4 39. Rc5 e3 40. Nd3 exf2+ 41. Nxf2 Re1+ 42. Kg2 b4 43. axb4 Re2 44. Kf3 Rxb2 45. Nd3 a3 46. Ra5 Ra2 47. Ra8+ Kh7 48. Ke4 Ra1 49. Kxd4 a2 50. Kc4 h5 51. b5 hxg4 52. hxg4 Kh6 53. b6 Rb1 54. Nb4 a1=Q 55. Rxa1 Rxa1 56. b7 Rg1 57. b8=Q Rxg4+ 58. Kd3 f5 59. Nd5 Re4 60. Qf8 1-0

[Event "Austrian Championship 2022"]
[Site "Vienna"]
[Date "2022.08.16"]
[Round "6.16"]
[White "Teuschler, Barbara"]
[Black "Lerch, Johannes"]
[Result "0-1"]
[ECO "C54"]
[WhiteElo "2097"]
[BlackElo "2222"]
[Annotator "TA"]
[PlyCount "126"]
[EventDate "2022.08.12"]
[EventType "swiss"]
[EventCountry "AUT"]
[SourceTitle "playchess.com"]
[Source "ChessBase"]
[SourceQuality "1"]
[TimeControl "40/5400+30:1800+30"]

1. e4 e5 2. Nf3 Nc6 3. Bc4 Bc5 4. c3 Nf6 5. d3 d6 6. O-O h6 7. Bb3 O-O 8. h3 Bb6 {[%emt 0:00:14] C54: Giuoco Piano: 4 c3 Nf6, main lines with 5 d4 and 5 d3.} 9. Re1 Ne7 10. Nbd2 {[%emt 0:00:12] [#]} c5 $146 {[%emt 0:00:44] The position is equal.} ({Predecessor:} 10... Ng6 11. Nc4 Be6 12. Bc2 Bxc4 13. dxc4 Nh5 14. b4 Qf6 15. a4 a5 16. Ba3 Nhf4 {½-½ (39) Volokitin,A (2677)-Caruana,F (2792) Warsaw 2021}) 11. Nf1 Ng6 12. Ne3 Bd7 13. Nh2 Re8 14. Nhg4 Nf4 15. Nf5 Bxf5 16. exf5 N4h5 17. Qf3 Re7 18. Nh2 (18. Nxf6+ $16 Nxf6 19. Qg3) 18... Qd7 (18... d5 $14) 19. g4 $16 Nf4 20. Bxf4 (20. h4 {looks sharper.} Nh7 21. f6 Nxf6 22. Bxf4 exf4 23. g5) 20... exf4 21. Qxf4 d5 22. Ba4 Qd8 23. Qd2 Bc7 24. Nf1 (24. Nf3 $14) 24... a6 25. Rxe7 Qxe7 26. Re1 Qd6 27. Bd1 d4 28. c4 b5 29. b3 (29. Bf3 $5 Rb8 30. b3 $14) 29... bxc4 30. bxc4 Rb8 31. Bf3 Kf8 32. Kg2 a5 33. Bd1 (33. Ng3 $16) 33... Qc6+ $1 $11 34. Kg1 Nh7 35. Ng3 (35. Qe2 $2 Ng5 36. Ng3 Nxh3+ 37. Kh2 Nf4 38. Qe7+ Kg8 $19) 35... Ng5 36. Kh2 (36. Qe2 $2 Nxh3+ 37. Kh2 Nf4 38. Qe7+ Kg8 $19) 36... Rb1 $2 (36... Nf3+ $11 37. Bxf3 Qxf3) 37. Be2 $4 (37. f4 Rxd1 $1 38. Qxd1 Nf3+ 39. Kh1 Nxe1+ $17) (37. h4 $1 $18 Rxd1 38. Qxd1 Nf3+ 39. Kh3 Nxe1 40. Qxe1) 37... Rxe1 38. Qxe1 Nf3+ $1 39. Bxf3 Qxf3 $17 {[%emt 0:00:01][%mdl 4096] Endgame KQB-KQN} 40. Kg1 (40. Qd2 $17 {might work better.}) 40... Qxd3 $2 (40... Bxg3 $19 41. fxg3 Qxd3) 41. Qe2 (41. f6 $1 $11 {remains equal.} Bxg3 42. Qe7+ Kg8 43. Qe8+ Kh7 44. Qxf7) 41... Qb1+ ({But not} 41... Qxe2 $6 42. Nxe2 Ke7 43. Nc1 $11) 42. Kg2 $2 (42. Nf1 $1 $15) 42... Bxg3 43. Kxg3 $19 {[%emt 0:00:00] KQ-KQ} Qb8+ (43... Qg1+ $1 $19 44. Kf3 Qh2) 44. Kg2 $17 Qf4 {[%emt 0:01:53] Inhibits Qe4.} 45. Qe1 (45. Qf3 $15 Qc7 46. f6) 45... d3 $1 $19 {[%emt 0:05:53] ...d2 is the strong threat.} 46. Qxa5 Qe4+ (46... Qd4 $17 47. Qa8+ Ke7 48. Qb7+ Kf6 49. Qb6+ Kg5) 47. Kh2 $2 (47. Kg3 $11 Kg8 48. Qd8+ (48. Qxc5 $2 d2 $19) 48... Kh7 49. Qd7) 47... Kg8 {[%emt 0:00:44] Threatens to win with ...Qf4+.} 48. Qd8+ Kh7 49. f6 gxf6 $2 (49... Qd4 $19 50. Qa8 d2) 50. Qxf6 $17 {[%emt 0:00:00] [#]} Qxc4 (50... Qe6 $1 $17 51. Qd8 Qxc4) 51. g5 $15 hxg5 (51... Qxa2 52. gxh6) (51... Qd5 $15 52. g6+ fxg6 53. Qe7+ Kg8 54. Qe8+ Kg7 55. Qe7+ Kg8 56. Qe8+ Kg7 57. Qe7+ Qf7 58. Qxc5 Qd7 59. Qc3+ Kf7 60. Qc4+ Ke7 61. Qe4+ Kf7 62. Qc4+ Ke8 63. Qe4+ (63. Qg8+ Ke7 $11) 63... Kf7 64. Qc4+) 52. Qxg5 $2 (52. Qf5+ $11 Kh6 53. Qf6+ Kh5 54. Kg2) 52... Qd4 53. Qh5+ Kg8 54. Qg5+ Kf8 55. Qh6+ Ke7 56. Qg5+ Kd7 57. Qf5+ Kd6 58. Qxf7 Qe5+ (58... d2 $142 59. Qf8+ Kc7 60. Qe7+ Kb6 61. Qe6+ Ka5 62. Qf7 d1=Q 63. Qa7+ Kb4 64. Qb8+ Ka3 65. Qa8+ Kb2 66. Qb8+ Ka3 67. Qa8+ Kb2 68. Qb8+ Ka3) 59. Kg1 Qe1+ (59... d2 $142 60. Qf8+ Kd5 61. Qd8+ Qd6 62. Qa8+ Kd4 63. Qa4+ c4) 60. Kg2 $19 d2 $2 ({Better is} 60... Qe4+ $19 61. Kg1 d2 62. Qf6+ Kd7 63. Qf7+ Qe7 64. Qd5+ Qd6 65. Qf7+ Kc6 66. Qf3+ Qd5 67. Qf6+ Kb5 68. Qb2+ Ka4 69. Qc2+ Ka3) 61. Qf6+ $2 {[%emt 0:00:00][%mdl 8192] [#]} (61. Qf4+ $11 Kd5 62. Qg5+ Kc6 63. Qg6+ Kb5 64. Qd3+ c4 65. Qd7+ Kc5 66. Qc7+ Kd4 67. Qd6+ Kc3 68. Qa3+ Kd4 69. Qd6+ Ke4 70. Qe6+ Kd4 71. Qd6+) 61... Kd5 $2 ({Black should try} 61... Kd7 $1 $19 {( -> ...Qe4+)} 62. Qf7+ Qe7 63. Qd5+ Qd6 64. Qb7+ Kd8 65. Qa8+ Ke7 66. Qe4+ Kd8 67. Qa8+ Ke7 68. Qe4+ Qe6 69. Qb7+ Qd7 70. Qe4+ Kd8 71. Qh4+ Kc7) 62. Qf5+ (62. Qd8+ $11 Kc4 63. Qg8+ Kc3 64. Qb3+ Kd4 65. Qb2+ Ke4 66. Qb7+ Kf4 67. Qf7+ Kg5 68. Qg7+ Kh5 69. Qh7+ Kg5 70. Qg7+ Kf5 71. Qf7+ Ke4 72. Qg6+ Ke5 73. Qg3+ Ke6 74. Qg8+ Kd6 75. Qd8+ Kc6 76. Qc8+ Kd5 77. Qd7+ Ke4 78. Qe6+ Kd4 79. Qd6+ Kc3 80. Qxc5+ Kb2 81. Qb4+ Ka1 82. Qc3+ Kxa2 83. Qa5+ Kb1 84. Qb5+ Kc2 85. Qa4+ Kc3 86. Qc6+ Kd4 87. Qd6+ Ke4 88. Qe7+ Kf5 89. Qf7+ Ke5 90. Qe7+ Kf5 91. Qf7+ Kg5 92. Qg7+ Kf4 93. Qf7+ Kg5 94. Qg7+ Kh5 95. Qh7+ Kg5 96. Qg7+) 62... Kd4 63. Qf6+ Qe5 {[%emt 0:00:37] Weighted Error Value: White=0.90/Black=0.62} 0-1